 Dungeon Crawl Stone Soup version 0.23.1-37-gaa34b87b72 (webtiles) character file.

Game seed: 921141795515177359

98 PikkenKukken the Sneak (level 4, -11/29 HPs)
             Began as an Octopode Wizard on Mar 20, 2019.
             Mangled by Menkaure (23 damage)
             ... on level 4 of the Dungeon.
             The game lasted 00:10:38 (4005 turns).

PikkenKukken the Sneak (Octopode Wizard)            Turns: 4005, Time: 00:10:39

Health: -11/29     AC:  2    Str:  6    XL:     4   Next: 71%
Magic:  5/8        EV: 14    Int: 20    God:
Gold:   133        SH:  0    Dex: 11    Spells: 4/9 levels left

rFire    x . .     SeeInvis .   j - -3 mace (curse)
rCold    + . .     Gourm    .   (no shield)
rNeg     . . .     Faith    .   a - +1 hat
rPois    .         Spirit   .   (no amulet)
rElec    .         Reflect  .   i - ring of ice
rCorr    .         Harm     .   (no ring)
MR       .....                  (no ring)
Stlth    +++.......             (no ring)
HPRegen  0.09/turn              (no ring)
MPRegen  0.11/turn              (no ring)
                                (no ring)
                                (no ring)

@: no status effects
A: almost no armour, stealthy swim, amphibious, 8 rings, constrict 8, camouflage
1, gelatinous body 1
a: no special abilities


You were on level 4 of the Dungeon.
You were not hungry.

You visited 1 branch of the dungeon, and saw 4 of its levels.

You collected 133 gold pieces.

Inventory:

Hand Weapons
 e - a +0 club
 j - a cursed -3 mace (weapon)
 k - a +5 dagger
Missiles
 d - a throwing net (quivered)
Armour
 a - a +1 hat (worn)
Jewellery
 i - a ring of ice (left tentacle)
 p - a cursed ring of magical power
Scrolls
 l - 2 scrolls of identify
 m - a scroll of magic mapping
 o - 2 scrolls of fear
 q - a scroll of fog
Potions
 b - 3 potions of heal wounds
 f - 3 potions of curing
 g - a potion of might
 h - a potion of flight
 n - a potion of agility
Comestibles
 c - 5 rations
 r - 6 chunks of flesh


   Skills:
 + Level 2.1 Fighting
 + Level 3.2 Dodging
 + Level 4.4 Stealth
 - Level 3.0 Spellcasting
 - Level 1.0 Conjurations
 - Level 1.0 Summonings
 - Level 1.0 Translocations


You had 4 spell levels left.
You knew the following spells:

 Your Spells              Type           Power        Failure   Level  Hunger
a - Magic Dart            Conj           #...         10%         1    None
b - Blink                 Tloc           N/A          14%         2    ##.....
c - Call Imp              Summ           #.......     14%         2    ##.....

Your spell library contained the following spells:

 Spells                   Type           Power        Failure   Level  Hunger
 Slow                     Hex            #.......     22%         2    ##.....
 Conjure Flame            Conj/Fire      #.......     34%         3    ###....
 Mephitic Cloud           Conj/Pois/Air  #.......     36%         3    ###....


Dungeon Overview and Level Annotations

Branches:
Dungeon (4/15)
 Temple: D:4-7

Altars:

Annotations:
D:3 1 exclusion, Grinder, Ijyb
D:4 exclusions: ogre and orc wizard, Menkaure


Innate Abilities, Weirdness & Mutations

You cannot wear most types of armour.
You are very stealthy in the water. (Stealth+)
You are amphibious.
You can wear up to eight rings at the same time.
You can use your tentacles to constrict eight enemies at once.
Your skin changes colour to match your surroundings (Stealth+).
Your rubbery body absorbs attacks. (AC +1, EV +1)


Message History

Your crimson imp hits the adder skeleton.
You hit the adder skeleton but do no damage.
The adder skeleton is severely damaged.
You constrict the adder skeleton.
Something barely misses your crimson imp.
The adder skeleton completely misses you.
Your shadow imp hits the adder skeleton.
The adder skeleton is destroyed!
You swap places.
Menkaure's bandages flutter.
Menkaure closely misses your crimson imp.
Menkaure hits your crimson imp!
Found a ration.
Unknown command.
You hit Menkaure. You grab Menkaure.
Menkaure is moderately damaged.
You constrict Menkaure, but do no damage.
Your shadow imp hits Menkaure.
Menkaure hits you!!
Ouch! That really hurt!
You die...

...............
...#...............#
...#≈...≈≈.........# ###
#.#≈♣..≈....≈......#...%
#.#≈≈..≈.≈.≈≈......#....
....♣.≈≈..≈≈≈.........
...≈.♣≈♣.≈.≈≈....5.. #
.#...≈≈≈.≈≈≈...##M####.###
.#......≈.≈≈≈...@5........
.#.≈..≈≈≈≈..≈####.##......
......≈≈.♣≈≈..............
.#...##≈..≈≈#####.#####...
.######..#### #..(......#.
## #### #.#.##....# #.#...
...# #.#.### ..# #.#.# .#


You could see Menkaure, a friendly crimson imp and a friendly shadow imp.

Vanquished Creatures
  A dart slug (D:2)
  2 leopard geckos (D:3)
  5 orcs (D:3)
  2 giant cockroaches
  5 hobgoblins
  7 jackals (D:1)
  8 kobolds
  A ball python (D:1)
  8 bats
  4 frilled lizards
  14 goblins
  11 rats
68 creatures vanquished.

Vanquished Creatures (collateral kills)
  A worker ant (D:1)
  An adder skeleton (D:4)
  A worm (D:2)
3 creatures vanquished.

Grand Total: 71 creatures vanquished

Notes
Turn   | Place    | Note
-------+----------+-------------------------------------------
     0 | D:1      | PikkenKukken the Octopode Wizard began the quest for the
                  | Orb.
     0 | D:1      | Reached XP level 1. HP: 11/11 MP: 4/4
   329 | D:1      | Reached skill level 3 in Stealth
   547 | D:1      | Reached XP level 2. HP: 18/18 MP: 3/6
   827 | D:1      | Reached skill level 1 in Fighting
  1214 | D:1      | Learned a level 2 spell: Blink
  1217 | D:1      | Learned a level 2 spell: Call Imp
  1310 | D:1      | Reached XP level 3. HP: 18/23 MP: 7/7
  2221 | D:2      | Reached skill level 4 in Stealth
  2497 | D:2      | Reached XP level 4. HP: 29/29 MP: 4/8
  3001 | D:3      | Noticed Grinder
  3489 | D:3      | Noticed Ijyb
  3869 | D:4      | Noticed an ogre
  3994 | D:4      | Noticed Menkaure
  4005 | D:4      | Mangled by Menkaure

Skill      XL: |  1  2  3  4 |
---------------+-------------+-----
Stealth        | 3 4 |  4.4
Fighting       | 1 2 |  2.1
Dodging        | 3 |  3.2
Spellcasting   | |  3.0
Conjurations   | |  1.0
Summonings     | |  1.0
Translocations | |  1.0

Action                   |  1- 3 |  4- 6 || total
-------------------------+-------+-------++-------
Melee: Club              |    55 |       ||    55
       Constrict         |    25 |    23 ||    48
       Tentacles         |    10 |     5 ||    15
       Mace              |    34 |    60 ||    94
Throw: Throwing net      |     1 |       ||     1
 Cast: Magic Dart        |    54 |    25 ||    79
       Call Imp          |     4 |     2 ||     6
  Use: Scroll            |     5 |     5 ||    10
       Potion            |     1 |       ||     1
 Stab: Sleeping          |     4 |     1 ||     5
       Distracted        |     1 |       ||     1
  Eat: Chunk             |     5 |     5 ||    10
Armor: Skin              |    17 |     4 ||    21
Dodge: Dodged            |    97 |    60 ||   157
